 Dungeon Crawl Stone Soup version 0.19.3-4-gbf9329e (webtiles) character file.

5636 Gargoyl the Cleaver (level 10, -2/84 HPs)
             Began as a Ghoul Abyssal Knight on Jan 26, 2017.
             Was a High Priest of Lugonu.
             Slain by a killer bee (6 damage)
             ... on level 9 of the Dungeon.
             The game lasted 00:15:00 (6482 turns).

Gargoyl the Cleaver (Ghoul Abyssal Knight)          Turns: 6482, Time: 00:15:00

Health: -2/84      AC: 20    Str: 17    XL:     10   Next: 74%
Magic:  14/14      EV: 10    Int:  7    God:    Lugonu [*****.]
Gold:   459        SH:  4    Dex: 11    Spells: 0 memorised, 9 levels left

rFire  . . .     SeeInvis .     e - +8 battleaxe "Hineav" {speed, rElec}
rCold  + . .     Gourm    .     y - +0 plate armour
rNeg   + + +     Faith    .     (shield currently unavailable)
rPois  ∞         Spirit   .     p - +0 helmet
rElec  +         Reflect  +     o - +2 cloak
rCorr  .         Harm     .     (no gloves)
MR     .....                    j - +2 pair of boots
Stlth  ..........               w - +4 amulet of reflection
                                t - +4 ring of evasion
                                g - +4 ring of slaying

@: rotting
A: rotting body, claws 1, carnivore 3, cold resistance 1, negative energy
resistance 3, slow regeneration 1, torment resistance, unbreathing
a: Depart the Abyss, Bend Space, Banish, Corrupt, Enter the Abyss, Renounce
Religion


You were on level 9 of the Dungeon.
You worshipped Lugonu.
Lugonu was extremely pleased with you.
You were not hungry.

You visited 1 branch of the dungeon, and saw 9 of its levels.
You visited the Abyss 1 time.

You collected 459 gold pieces.

Inventory:

Hand Weapons
 a - a +1 hand axe
 e - the +8 battleaxe "Hineav" (weapon) {speed, rElec}
   (You found it on level 2 of the Abyss)

   Attacks with this weapon are significantly faster.
   It insulates you from electricity.
 r - a +2 war axe of electrocution
Missiles
 E - 8 poisoned javelins (quivered)
Armour
 j - a +2 pair of boots (worn)
 o - a +2 cloak (worn)
 p - a +0 helmet (worn)
 y - a +0 plate armour (worn)
Jewellery
 g - a +4 ring of slaying (left claw)
 t - a +4 ring of evasion (right claw)
 w - a +4 amulet of reflection (around neck)
 x - an uncursed amulet of harm {unknown}
 G - an uncursed ring of see invisible {unknown}
Wands
 u - a wand of teleportation (5/9)
 z - a wand of iceblast (3/15)
 D - a wand of confusion (23/48)
 H - a wand of flame (23/48)
 I - a wand of iceblast (4/15)
 L - a wand of acid (7/15)
 M - a wand of iceblast (9/15)
Scrolls
 d - a scroll of remove curse
 f - 3 scrolls of amnesia
 s - a scroll of magic mapping
 v - 2 scrolls of fear
 A - 2 scrolls of teleportation
 C - a scroll of identify
Potions
 b - 2 potions of resistance {unknown}
 h - 2 potions of brilliance
 i - 2 potions of heal wounds
 l - 3 potions of curing {unknown}
 n - a potion of mutation {unknown}
 q - a potion of invisibility {unknown}
 B - 2 potions of might {unknown}
 N - a potion of degeneration {unknown}
Books
 J - a book of Callings

   Spells                             Type                      Level
   a - Summon Small Mammal            Summoning                    1
   b - Call Imp                       Summoning                    2
   c - Call Canine Familiar           Summoning                    3
   d - Summon Guardian Golem          Hexes/Summoning              3
   e - Summon Lightning Spire         Summoning/Air                4
   f - Summon Ice Beast               Ice/Summoning                4
Comestibles
 c - 5 meat rations
 k - a beef jerky
 m - a royal jelly
 F - a slice of pizza
 K - 8 chunks of flesh


   Skills:
 + Level 6.3 Fighting
 * Level 10.5 Axes
 * Level 6.7 Armour
 + Level 1.9 Dodging
 * Level 7.1 Invocations


You had 9 spell levels left.
You didn't know any spells.

Dungeon Overview and Level Annotations

Branches:
Dungeon (9/15)             Temple (0/1) D:4
   Lair: D:8-11         Orc: D:9-12

Altars:
Cheibriados
Dithmenos
Fedhas
Gozag
Hepliaklqana
Makhleb
Nemelex Xobeh
Qazlal
Ru
Uskayaw
Vehumet
Yredelemnul
Zin
The Shining One

Shops:
D:7 [[=


Innate Abilities, Weirdness & Mutations

Your body is rotting away.
You thrive on raw meat.
You are immune to poison.
You have sharp fingernails.
You are carnivorous and can eat meat at any time.
Your flesh is cold resistant. (rC+)
You are immune to negative energy. (rN+++)
You regenerate slowly when monsters are visible.
You are immune to unholy pain and torment.
You can survive without breathing.


Message History

The killer bee stings you but does no damage. x3
The killer bee misses you.
The killer bee stings you but does no damage.
The killer bee stings you. x2
* * * LOW HITPOINT WARNING * * *
The killer bee stings you but does no damage.
The killer bee stings you.
* * * LOW HITPOINT WARNING * * *
The killer bee stings you!
* * * LOW HITPOINT WARNING * * *
The killer bee closely misses you. The killer bee barely misses you.
The killer bee stings you but does no damage. x2
The killer bee closely misses you. The killer bee stings you.
* * * LOW HITPOINT WARNING * * *
You hear an angry buzzing noise.
The killer bee rages.
The killer bee stings you!
* * * LOW HITPOINT WARNING * * *
The killer bee closely misses you. The killer bee stings you.
You die...

#....................
#....................
##.................... #
#.....................
##.###.....................
..................#.#......
.......÷.........##≈...≈...
.......<÷..y.....##≈≈.≈....
..........@y..Y..##.≈_≈....
..................#.≈.≈....
..............y.........)..
#...............Y..........
##..............Y......†...
#...................†.....
#..........).........†....
.......###..............
##............#


You could see 3 yaks, a queen bee and 2 killer bees.

Vanquished Creatures
  The ghost of fatfloppyjuicyveiny the Spear-Bearer, a novice OpBe of Trog (D:9)
  Joseph (D:8)
  The ghost of Dolanko the Cudgeler, a novice MiFi (D:4)
  A troll (D:8)
  A hippogriff (D:8)
  3 yaks
  3 ice beasts
  An orc warrior (D:6)
  An eye of draining (D:8)
  A necrophage (D:8)
  2 phantoms
  A centaur (D:7)
  4 ogres
  2 crocodiles (D:8)
  A big kobold (D:8)
  A gnoll sergeant (D:8)
  2 bullfrogs (D:8)
  A wyvern skeleton (D:8)
  3 scorpions (D:4)
  12 killer bees (D:9)
  A howler monkey (D:6)
  3 crimson imps
  A centaur zombie (D:7)
  A quasit (D:6)
  2 hounds (D:8)
  3 jellies
  8 orc wizards
  3 orc priests
  Crazy Yiuf (D:6)
  A bullfrog skeleton (D:7)
  An iron imp (D:8)
  A centaur skeleton (D:9)
  2 iguanas (D:8)
  Natasha (D:2)
  4 worker ants
  A statue (D:5)
  A hound zombie (D:9)
  A worker ant zombie (D:7)
  13 gnolls
  6 adders
  An ooze (D:4)
  An adder skeleton (D:9)
  4 worms
  3 dart slugs
  9 leopard geckos
  22 orcs
  3 ball pythons
  8 bats
  4 giant cockroaches
  2 gnoll zombies (D:5)
  3 goblins
  10 hobgoblins
  10 jackals
  10 kobolds
  4 quokkas
  4 frilled lizards
  7 rats
203 creatures vanquished.

Notes
Turn   | Place    | Note
-------+----------+-------------------------------------------
     0 | Abyss:1  | Gargoyl the Ghoul Abyssal Knight began the quest for the Orb.
     0 | Abyss:1  | Reached XP level 1. HP: 19/19 MP: 1/1
    45 | Abyss:2  | Found a corrupted altar of Lugonu.
    50 | Abyss:2  | Got a faintly glowing battleaxe
    51 | Abyss:2  | Noticed a starcursed mass
    54 | D:1      | Escaped the Abyss
    55 | D:1      | Identified the +8 battleaxe "Hineav" {speed, rElec} (You found it on level 2 of the Abyss)
   206 | D:1      | Reached XP level 2. HP: 14/26 MP: 2/2
   210 | D:1      | Reached * piety under Lugonu
   277 | D:1      | Reached skill level 2 in Axes
   411 | D:1      | Reached XP level 3. HP: 31/31 MP: 3/3
   716 | D:2      | Reached skill level 1 in Dodging
  1001 | D:2      | Found a hide-covered altar of Uskayaw.
  1030 | D:2      | Reached XP level 4. HP: 38/38 MP: 5/5
  1130 | D:2      | Reached ** piety under Lugonu
  1189 | D:2      | Reached XP level 5. HP: 40/46 MP: 6/6
  1421 | D:2      | Noticed Natasha
  1427 | D:2      | Killed Natasha
  1427 | D:2      | Reached skill level 3 in Axes
  2093 | D:3      | Reached XP level 6. HP: 50/52 MP: 7/7
  2473 | D:4      | Reached *** piety under Lugonu
  2502 | D:4      | Found a hazy altar of Hepliaklqana.
  2510 | D:4      | Got a jewelled hand axe
  2511 | D:4      | Identified the cursed +3 hand axe of Icsemmuo {chop, +Rage Int+2 Dex+4} (You found it on level 4 of the Dungeon)
  2556 | D:4      | Found a staircase to the Ecumenical Temple.
  2607 | D:4      | Reached skill level 4 in Axes
  2650 | D:4      | Reached XP level 7. HP: 41/59 MP: 8/8
  2753 | D:4      | Noticed Dolanko's ghost (novice MiFi)
  2761 | D:4      | Killed Dolanko's ghost
  2761 | D:4      | Reached skill level 5 in Axes
  2783 | D:4      | Reached XP level 8. HP: 57/67 MP: 10/10
  3155 | D:5      | Entered Level 5 of the Dungeon
  3156 | D:5      | Found a stormy altar of Qazlal.
  3263 | D:5      | Found a radiant altar of Vehumet.
  3296 | D:5      | Found a sparkling altar of Nemelex Xobeh.
  3359 | D:5      | Found a burning altar of Makhleb.
  3388 | D:5      | Reached skill level 6 in Axes
  3544 | D:5      | Found a basalt altar of Yredelemnul.
  3779 | D:5      | Got a crystal flail
  3781 | D:5      | Identified the cursed +2 flail "Canofil" {venom, +Blink rF+ Int+4 Dex-2} (You found it on level 5 of the Dungeon)
  3858 | D:6      | Found an opulent altar of Gozag.
  3890 | D:6      | Reached skill level 5 in Fighting
  3927 | D:6      | Found a runed door.
  4084 | D:6      | Reached skill level 5 in Invocations
  4115 | D:6      | Found a glowing golden altar of the Shining One.
  4116 | D:6      | Found a shadowy altar of Dithmenos.
  4382 | D:6      | Found a hazy altar of Hepliaklqana.
  4390 | D:6      | Reached skill level 7 in Axes
  4679 | D:6      | Noticed Crazy Yiuf
  4684 | D:6      | Killed Crazy Yiuf
  4753 | D:7      | Reached XP level 9. HP: 73/73 MP: 10/12
  4757 | D:7      | Reached **** piety under Lugonu
  4940 | D:7      | Found Dugurr's Jewellery Emporium.
  4960 | D:7      | Found Kuduoghu's Armour Boutique.
  4970 | D:7      | Reached skill level 5 in Armour
  4986 | D:7      | Found Qiurooniq's Antique Armour Shop.
  5136 | D:7      | Found a sacrificial altar of Ru.
  5219 | D:7      | Found a snail-covered altar of Cheibriados.
  5659 | D:8      | Reached skill level 8 in Axes
  5782 | D:8      | Found a snail-covered altar of Cheibriados.
  5933 | D:8      | Noticed Joseph
  5960 | D:8      | Killed Joseph
  5960 | D:8      | Reached skill level 9 in Axes
  5986 | D:8      | Reached XP level 10. HP: 77/83 MP: 13/13
  6026 | D:8      | Reached ***** piety under Lugonu
  6216 | D:8      | Found a glowing silver altar of Zin.
  6306 | D:9      | Noticed fatfloppyjuicyveiny's ghost (novice OpBe)
  6367 | D:9      | Reached skill level 10 in Axes
  6400 | D:9      | Killed fatfloppyjuicyveiny's ghost
  6417 | D:9      | Found a blossoming altar of Fedhas.
  6482 | D:9      | HP: 4/84 [killer bee (7)]
  6482 | D:9      | Slain by a killer bee

Skill      XL: |  1  2  3  4  5  6  7  8  9 10 |
---------------+-------------------------------+-----
Axes           | 2 3 4 5 7 9 10 | 10.5
Armour         | 2 3 4 5 6 |  6.7
Dodging        | 1 |  1.9
Invocations    | 3 4 5 6 7 |  7.1
Fighting       | 4 5 6 |  6.3

Action                   |  1- 3 |  4- 6 |  7- 9 | 10-12 || total
-------------------------+-------+-------+-------+-------++-------
Melee: Battleaxe         |    81 |   108 |   172 |    66 ||   427
Throw: Javelin           |       |       |     1 |       ||     1
Invok: Depart the Abyss  |     1 |       |       |       ||     1
       Bend Space        |       |       |       |     1 ||     1
  Use: Scroll            |       |     8 |     6 |       ||    14
       Potion            |       |     2 |       |     1 ||     3
  Eat: Chunk             |     8 |    15 |    25 |    15 ||    63
Armor: Leather armour    |    25 |       |       |       ||    25
       Scale mail        |     7 |    49 |     4 |       ||    60
       Chain mail        |       |       |    35 |       ||    35
       Plate armour      |       |       |    63 |    83 ||   146
Dodge: Dodged            |    74 |    38 |    69 |    76 ||   257
Block: Other             |       |       |    21 |    21 ||    42
       Reflection        |       |       |     3 |       ||     3
